 Dungeon Crawl Stone Soup version 0.28.0-62-gf88900778d (webtiles) character file.

Game seed: 5896316269628423464

2854 cbfl8 the Chopper (level 9, -3/68 HPs)
             Began as a Demonspawn Fighter on Jan 16, 2024.
             Succumbed to a hornet's poison
             ... on level 6 of the Dungeon.
             The game lasted 00:14:10 (11838 turns).

cbfl8 the Chopper (Demonspawn Fighter)             Turns: 11838, Time: 00:14:10

Health: -3/68      AC: 25    Str: 16 (18) XL:     9   Next: 46%
Magic:  9/9        EV:  6    Int:  9 (11) God:
Gold:   270        SH:  4    Dex: 11 (14) Spells: 8/8 levels left

rFire   . . .      SeeInvis .   a - +0 war axe
rCold   . . .      Faith    .   x - +0 buckler
rNeg    . . .      Spirit   .   w - +0 chain mail
rPois   .          Reflect  .   i - +0 helmet
rElec   .          Harm     .   h - +0 cloak
rCorr   .          Rampage  .   e - +1 pair of gloves
Will    .....                   (no boots)
Stlth   ..........              (no amulet)
HPRegen 0.21/turn               o - +4 ring of protection
MPRegen 0.11/turn               (no ring)

@: lethally poisoned (-3 -> -14), sanguine armoured, slowed, very slow
A: hooves 2, foul stench 1, sanguine armour 1
a: no special abilities


You were on level 6 of the Dungeon.
You visited 2 branches of the dungeon, and saw 8 of its levels.

You collected 270 gold pieces.

Inventory:

Hand Weapons
 a - a +0 war axe (weapon)
Armour
 e - a +1 pair of gloves (worn)
 h - a +0 cloak (worn)
 i - a +0 helmet (worn)
 w - a +0 chain mail (worn)
 x - a +0 buckler (worn)
Jewellery
 o - a +4 ring of protection (left hand)
Wands
 d - a wand of mindburst (2) (quivered)
 p - a wand of iceblast (14)
 s - a wand of flame (9)
Scrolls
 f - a scroll of blinking
 g - 2 scrolls of fear
 j - 4 scrolls of teleportation
 k - a scroll of torment {unknown}
 l - a scroll of noise {unknown}
 n - a scroll of holy word {unknown}
 q - a scroll of amnesia {unknown}
Potions
 b - a potion of mutation {unknown}
 r - a potion of brilliance {unknown}
 t - a potion of heal wounds {unknown}
 u - a potion of degeneration
 v - a potion of magic {unknown}


   Skills:
 + Level 5.1 Fighting
 + Level 7.5 Axes
 + Level 6.5 Armour
 + Level 4.3 Shields
 * Level 5.6 Evocations


You had 8 spell levels left.
You didn't know any spells.
Your spell library contained the following spells:

 Spells                   Type           Power      Damage    Failure   Level
 Shock                    Conj/Air       0%         1d3       100%        1
 Blink                    Tloc           0%         N/A       100%        2
 Call Canine Familiar     Summ           0%         N/A       100%        3
 Dazzling Flash           Conj/Hex       0%         N/A       100%        3
 Gell's Gravitas          Tloc           0%         N/A       100%        3
 Portal Projectile        Hex/Tloc       0%         N/A       100%        3
 Swiftness                Air            0%         N/A       100%        3
 Teleport Other           Tloc           0%         N/A       100%        3
 Airstrike                Air            0%         N/A       100%        4
 Leda's Liquefaction      Hex/Erth       0%         N/A       100%        4
 Agony                    Necr           0%         N/A       100%        5
 Manifold Assault         Tloc           0%         N/A       100%        5
 Silence                  Hex/Air        0%         N/A       100%        5
 Conjure Ball Lightning   Conj/Air       0%         3x3d6     100%        6
 Dispersal                Tloc           0%         N/A       100%        6
 Storm Form               Tmut/Air       0%         N/A       100%        7
 Discord                  Hex            0%         N/A       100%        8
 Disjunction              Tloc           0%         N/A       100%        8


Dungeon Overview and Level Annotations

Branches:
Dungeon (7/15)             Temple (1/1) D:6

Altars:
Ashenzari
Cheibriados
Elyvilon
Fedhas
Hepliaklqana
Kikubaaqudgha
Makhleb
Nemelex Xobeh
Okawaru
Qazlal
Sif Muna
Uskayaw
Vehumet
Wu Jian
Xom
Yredelemnul
Zin
The Shining One

Annotations:
D:6 3 runed translucent doors, infinitevox's ghost, novice DsWn


Innate Abilities, Weirdness & Mutations

You have hoof-like feet.
You may rarely emit foul miasma when damaged in melee.
When seriously injured, your blood forms armour. (AC +6)


Message History

The hornet is moderately wounded.
The hornet stings you but does no damage. x2
Unknown command.
You closely miss the hornet. Your kick misses the hornet.
The hornet is moderately wounded.
The hornet stings you!
You feel yourself slow down. The hornet misses you.
You barely miss the hornet. Your kick misses the hornet.
The hornet is moderately wounded.
The hornet stings you.
You are poisoned.
You suddenly lose the ability to move!
The hornet stings you but does no damage. x2
You can move again.
You barely miss the hornet. You kick the hornet, but do no damage.
The hornet is moderately wounded.
You feel very sick. The hornet stings you!
Your blood congeals into armour.
You shrug off the repeated paralysis!
The hornet stings you.
You are more poisoned.
You feel as though you will be slow longer.
You emit a cloud of foul miasma!
You closely miss the hornet.
The hornet is moderately wounded.
You feel yourself speed up.
You feel very sick.
The hornet is engulfed in dark miasma.
The hornet is poisoned.
The hornet seems to slow down.
The hornet stings you!
You feel yourself slow down.
The hornet is engulfed in dark miasma.
The hornet looks even sicker.
The hornet seems to slow down.
The hornet stings you!
* * * LOW HITPOINT WARNING * * *
You shrug off the repeated paralysis!
The hornet is engulfed in dark miasma.
The hornet looks even sicker.
The hornet seems to slow down.
The hornet stings you!
* * * LOW HITPOINT WARNING * * *
You feel as though you will be slow longer.
It was a potion of degeneration.
There was something very wrong with that liquid.
You feel weakened.
You feel dopey.
You feel clumsy.
You die...

.............##.<[......<.####...
.............##...........##.....
...#.####.#..######...######.#...
.###.# #.##.................#.#.
....## #.##....8.#.⌠.#.8....#...
.#### #.##.................###.
## ##.#########...######## #.
#.....##...........# #.
#.....##.@.......>.# ##
#.....##.y.........#
#.....######...##### #.....#
#...#### ###.### #.>.##.########
#.########...##.........
#.......#######.########
######### ##### #.#


You could see a hornet (very poisoned, slow).

Vanquished Creatures
  Sigmund (D:3)
  A yak (D:6)
  Eustachio (D:5)
  2 orc warriors
  An ice beast (D:6)
  A sky beast (D:6)
  2 black bears
  A necrophage (D:6)
  4 ogres
  Blork the orc (D:6)
  A bullfrog (D:6)
  A kobold brigand (D:7)
  3 gnoll sergeants
  A scorpion (D:4)
  A wyvern skeleton (D:6)
  2 water moccasin skeletons
  5 wights
  5 hounds
  2 bullfrog skeletons (D:5)
  Ijyb (D:5)
  3 iguanas
  3 orc wizards
  Robin (D:2)
  13 gnolls
  5 adders
  A shadow imp (D:5)
  2 white imps
  2 worms
  15 orcs
  4 bats
  6 endoplasms
  4 giant cockroaches
  18 goblins
  7 hobgoblins
  4 quokkas
  6 ball pythons
  7 frilled lizards
  9 kobolds
  8 rats
155 creatures vanquished.

Notes
Turn   | Place    | Note
-------+----------+-------------------------------------------
     0 | D:1      | cbfl8 the Demonspawn Fighter began the quest for the Orb.
     0 | D:1      | Reached XP level 1. HP: 18/18 MP: 1/1
   480 | D:1      | Gained mutation: You have large cloven feet. [demonic
                  | ancestry]
   480 | D:1      | Reached XP level 2. HP: 19/24 MP: 2/2
   920 | D:1      | Reached skill level 2 in Axes
  1070 | D:1      | Reached skill level 1 in Evocations
  1288 | D:2      | Noticed Robin
  1297 | D:1      | Reached XP level 3. HP: 6/29 MP: 3/3
  1891 | D:2      | Killed Robin
  2483 | D:2      | Gained mutation: You have hoof-like feet. [demonic
                  | ancestry]
  2483 | D:2      | Reached XP level 4. HP: 11/35 MP: 4/4
  3658 | D:3      | Found an ancient bone altar of Kikubaaqudgha.
  3860 | D:3      | Identified the +0 robe of Inviolability {rN+}
  4063 | D:3      | Noticed Sigmund
  4085 | D:3      | Killed Sigmund
  4086 | D:3      | Reached skill level 3 in Axes
  4086 | D:3      | Reached XP level 5. HP: 20/41 MP: 5/5
  4086 | D:3      | Gained mutation: You may rarely emit foul miasma when
                  | damaged in melee. [demonic ancestry]
  4086 | D:3      | Reached XP level 6. HP: 23/47 MP: 6/6
  4455 | D:3      | Found a faded altar of an unknown god.
  4577 | D:3      | You fall into a shaft and drop 3 floors!
  4596 | D:5      | Entered Level 5 of the Dungeon
  4661 | D:4      | Reached skill level 4 in Axes
  4661 | D:4      | Reached XP level 7. HP: 40/53 MP: 7/7
  5186 | D:5      | Noticed Ijyb
  5193 | D:5      | Killed Ijyb
  5830 | D:4      | Reached skill level 5 in Axes
  6560 | D:5      | Reached XP level 8. HP: 28/60 MP: 8/8
  6966 | D:5      | Reached skill level 5 in Armour
  6991 | D:5      | Identified the +4 mace of Responsibility {elec, rC+}
  8215 | D:5      | Noticed Eustachio
  8226 | D:5      | Reached skill level 6 in Axes
  8243 | D:5      | Killed Eustachio
  8646 | D:5      | Found a hide-covered altar of Uskayaw.
  8851 | D:6      | Noticed Blork the orc
  8856 | D:6      | Killed Blork the orc
  9476 | D:6      | Found a staircase to the Ecumenical Temple.
  9587 | Temple   | Entered the Ecumenical Temple
  9870 | D:6      | Reached skill level 5 in Evocations
  9870 | D:6      | Gained mutation: When seriously injured, your blood forms
                  | armour. (AC +6) [demonic ancestry]
  9870 | D:6      | Reached XP level 9. HP: 24/66 MP: 9/9
 10442 | D:6      | Reached skill level 7 in Axes
 10614 | D:6      | Found a runed translucent gate.
 10614 | D:6      | Found a runed translucent gate.
 10616 | D:6      | Found a runed translucent gate.
 10618 | D:6      | Noticed infinitevox's ghost (novice DsWn)
 10793 | D:6      | Reached skill level 5 in Fighting
 11835 | D:6      | Paralysed by a hornet for 1 turns
 11837 | D:6      | HP: 1/68 [hornet (10)]
 11838 | D:6      | Succumbed to a hornet's poison

Illustrated notes

Levels and vault maps discovered:
D:1:      giann_horns, layout_loops_corners
D:2:      layout_rooms, chequers_serial_rivers_small_3,
          kennysheep_cross_bottleneck, minmay_fractal_squares_gapless_5,
          uniq_robin
D:3:      layout_loops_cross, mainiacjoe_overflow_tiny_flanked,
          hellmonk_ecumenical_altar_pennies_from_heaven, uniq_sigmund
D:4:      layout_basic, hex_tiny
D:5:      layout_gridville, mainiacjoe_overflow_concentric_impassable,
          palyth_stone_intersect, uniq_eustachio, uniq_ijyb
D:6:      layout_loops_corners, minmay_temple_entry_trees,
          ebering_ghost_rock_garden, nicolae_elevator_lobby_plus,
          uniq_blork_the_orc
D:7:      layout_basic, trog_butcher_becter, serial_curves, eino_curves_03,
          eino_curves_04
Temple:   eino_temple_rhombus

Skill      XL: |  1  2  3  4  5  6  7  8  9 |
---------------+----------------------------+-----
Axes           | 2 3 4 5 6 7 |  7.5
Evocations     | 1 2 3 5 |  5.6
Armour         | 3 4 5 6 |  6.5
Shields        | 3 4 |  4.3
Fighting       | 4 5 |  5.1

Action                   |  1- 3 |  4- 6 |  7- 9 || total
-------------------------+-------+-------+-------++-------
Melee: War axe           |   131 |    88 |   272 ||   491
       Kick              |    22 |    21 |    82 ||   125
Evoke: Wand              |       |       |     9 ||     9
  Use: Potion            |       |     4 |     2 ||     6
       Scroll            |       |     4 |     2 ||     6
Armor: Scale mail        |    77 |    46 |    88 ||   211
       Chain mail        |       |       |    78 ||    78
Dodge: Dodged            |    65 |    53 |   135 ||   253
Block: Buckler           |    36 |    13 |    70 ||   119
